Pick #1

Connor Bedard
Pick #2

Leo Carlsson
Pick #3

Adam Fantilli
Pick #4

Matvei Michkov
Pick #5

David Reinbacher
Pick #6

William Smith
Pick #7

Zachary Benson
Pick #8

Ryan Leonard
Pick #9

Gabriel Perreault
Pick #10

Axel Sandin-Pellika
Pick #11

Daniil But
Pick #12

Dalibor Dvorsky
Pick #13

Quentin Musty
Pick #14

Brayden Yager
Pick #15

Dmitry Simashev
Pick #16

Colby Barlow
Pick #17

Andrew Cristall
Pick #18

Easton Cowan
Pick #19

Jacob Fowler
Pick #20

Oliver Moore
Pick #21

Oliver Bonk
Pick #22

Tom Willander
Pick #23

Calum Ritchie
Pick #24

Tanner Molendyk
Pick #25

Gavin Brindley
Pick #26

Nate Danielson
Pick #27

Pick #28

Pick #29

Pick #30

Pick #31

Pick #32

Pick #33

Pick #34

Pick #35

Pick #36

Pick #37

Pick #38

Pick #39

Pick #40

Pick #41

Pick #42

Pick #43

Pick #44

Pick #45

Pick #46

Pick #47

Pick #48

Pick #49

Pick #50

Pick #51

Pick #52

Pick #53

Pick #54

Pick #55

Pick #56

Pick #57

Pick #58

Pick #59

Pick #60

Pick #61

Pick #62

Pick #63

Pick #64

Pick #65

Pick #66

Pick #67

Pick #68

Pick #69

Pick #70

Pick #71

Pick #72

Pick #73

Pick #74

Pick #75

Pick #76

Pick #77

Pick #78

Pick #79

Pick #80

Pick #81

Pick #82

Pick #83

Pick #84

Pick #85

Pick #86

Pick #87

Pick #88

Pick #89

Pick #90

Pick #91

Pick #92

Pick #93

Pick #94

Pick #95

Pick #96

Pick #97

Pick #98

Pick #99

Pick #100

Pick #101

Pick #102

Pick #103

Pick #104

Pick #105

Pick #106

Pick #107

Pick #108

Pick #109

Pick #110

Pick #111

Pick #112

Pick #113

Pick #114

Pick #115

Pick #116

Pick #117

Pick #118

Pick #119

Pick #120

Pick #121

Pick #122

Pick #123

Pick #124

Pick #125

Pick #126

Pick #127

Pick #128

Pick #129

Pick #130

Full Scoreboard »»

Predators vs Blues

Created - March 1, 2024 at 23:17

Goals
1 2 3 T
Predators 0 1 0 1
Blues 2 0 2 4
Shots
1 2 3 T
Predators 4 9 9 22
Blues 20 12 9 41

GoalsPenalties
1st period
1. Blues , Auston Matthews 28 (Alec Martinez 17, Craig Smith 4) at 3:26
2. Blues , Jack Eichel 18 (Filip Hronek 27, Logan Couture 27) at 9:09
Darnell Nurse (NSH) for Tripping (Minor) at 1:15
2nd period
3. Predators , Taylor Hall 10 (Alex Tuch 28, Brandon Carlo 5) at 13:09 (PP)
Darnell Nurse (NSH) for Interference (Minor) at 9:15
Alec Martinez (STL) for Interference (Minor) at 11:52
3rd period
4. Blues , Yanni Gourde 15 (Jack Eichel 23, Auston Matthews 38) at 5:52 (PP)
5. Blues , Auston Matthews 29 (Kris Letang 33, Cale Makar 51) at 11:14
Tage Thompson (NSH) for Tripping (Minor) at 5:32
Filip Hronek (STL) for Delaying the game (Minor) at 6:23
Taylor Hall (NSH) for Slashing (Minor) at 18:37
Goalie Stats
Ilya Sorokin (NSH), 37 saves from 41 shots - (0.902), L, 37-14-4, 60:00 minutes
Cam Talbot (STL), 21 saves from 22 shots - (0.955), W, 16-8-1, 60:00 minutes
3 StarsOfficial
1 - Auston Matthews (STL)
2 - Jack Eichel (STL)
3 - Yanni Gourde (STL)
Referees : Andrew Howard and Corey Syvret
Linesman : Pierre Racicot and Derek Amell
Game Note
No Game Note
Finance
Level 1 -- Attendance: 6317 (97.18%) -- Ticket Income $663,285
Level 2 -- Attendance: 4699 (93.98%) -- Ticket Income $352,425
Level 3 -- Attendance: 3257 (93.06%) -- Ticket Income $162,850
Level 4 -- Attendance: 1562 (100.00%) -- Ticket Income $60,918
Luxury Box -- Attendance: 884 (88.40%) -- Ticket Income $175,916
Game was played at the Scottrade Center.
Total Attendance: 16719 (95.20%)
Total Ticket Income: $1,415,394
Other Income: $353,848
Total Income: $1,769,242



Team Name Goals Shots Shots Attemp Shots Blocked PIM HIT PP PK FO%
Predators 12244138191 / 2 (50%)143%
Blues 4417254241 / 4 (25%)157%

Predators
Player Name POS G A P +/- PIM HIT SHT SB MP PP MP PP SHT PK MP PK SHT FO% FOT
Alex TuchRW011-2012017:231:2610:0000% 0
Bo HorvatC0000001016:141:5000:00057% 14
Brandon CarloD0110010121:281:2603:0200% 0
Colton SissonsC0000022210:230:0003:59132% 19
Darnell NurseD000-1431321:341:2600:5200% 0
Gabriel VilardiRW000-1001114:190:0000:0000% 0
J.T. CompherLW0000002017:530:0003:29167% 3
J.T. MillerC000-1031117:261:2601:41050% 20
Jack McBainC000001008:050:0001:4100% 0
Jake McCabeD000-2030018:060:0003:2000% 0
Kyle ConnorLW000-1003016:391:5000:3000% 1
Lucas RaymondLW000-2001017:471:5000:0000% 1
Nikita ZadorovD000-2032418:140:0003:2800% 0
Roman JosiD0000001119:281:5010:3800% 0
Tage ThompsonC000-2224015:560:0000:00038% 16
Taylor HallLW1010201015:491:2610:0000% 0
Thomas ChabotD000-1000021:081:5000:0000% 0
Yakov TreninC000000006:240:0000:0000% 0
Blues
Player Name POS G A P +/- PIM HIT SHT SB MP PP MP PP SHT PK MP PK SHT FO% FOT
Alec MartinezD0111200017:310:0001:2100% 0
Alex NewhookC0000017117:573:0600:00067% 3
Anthony DeAngeloD0001010121:143:1201:1000% 0
Anton StralmanD000000000:000:0000:0000% 0
Auston MatthewsC2132028023:342:2811:040100% 2
Cale MakarD0111002121:532:2811:2400% 0
Carson SoucyD0001030016:110:0000:0000% 0
Clayton KellerRW0001023018:402:3410:10050% 4
Craig SmithC011100004:060:0000:0000% 0
Curtis LazarC0001031016:110:0000:00058% 12
Filip HronekD0111200117:360:0000:4500% 0
Jack EichelC1121012019:173:0600:00043% 7
Kris LetangD0111014123:053:1231:5200% 0
Logan CoutureC0111013019:492:3401:0400% 1
Nico HischierC0001014018:302:3410:00050% 22
Sean MonahanC0000012017:030:0002:12072% 18
Steven LorentzC000100104:060:0000:00050% 4
Yanni GourdeC1010074019:593:0632:0200% 1



Play-by-Play

1st period


0:01 of 1st period - Nico Hischier wins face-off versus Tage Thompson in neutral zone.
0:38 of 1st period - Clayton Keller is hit by Tage Thompson and loses puck.
1:10 of 1st period - Filip Hronek is hit by Darnell Nurse and loses puck.
1:15 of 1st period - Shot by Curtis Lazar.
1:15 of 1st period - Stopped by Ilya Sorokin without a rebound.
1:15 of 1st period - Minor Penalty to Darnell Nurse for Tripping.
1:16 of 1st period - Colton Sissons wins face-off versus Jack Eichel in Predators zone.
1:16 of 1st period - Colton Sissons is hit by Yanni Gourde.
1:38 of 1st period - Shot by Kris Letang.
1:38 of 1st period - Stopped by Ilya Sorokin with a rebound.
1:40 of 1st period - Shot by Kris Letang.
1:40 of 1st period - Shot Misses the Net.
1:42 of 1st period - Shot by Kris Letang.
1:42 of 1st period - Stopped by Ilya Sorokin without a rebound.
1:43 of 1st period - J.T. Miller wins face-off versus Nico Hischier in Predators zone.
2:20 of 1st period - Shot by Cale Makar.
2:20 of 1st period - Shot Misses the Net.
2:22 of 1st period - Shot by Clayton Keller.
2:22 of 1st period - Stopped by Ilya Sorokin without a rebound.
2:23 of 1st period - J.T. Miller wins face-off versus Jack Eichel in Predators zone.
2:34 of 1st period - Shot by Yanni Gourde.
2:34 of 1st period - Shot Blocked by J.T. Miller.
2:48 of 1st period - Shot by Alex Newhook.
2:48 of 1st period - Shot Blocked by Colton Sissons.
3:04 of 1st period - Shot by Yanni Gourde.
3:04 of 1st period - Stopped by Ilya Sorokin with a rebound.
3:26 of 1st period - Shot by Auston Matthews.
3:26 of 1st period - Goal by Auston Matthews - Predators : 0 - Blues : 1.
3:27 of 1st period - Bo Horvat wins face-off versus Nico Hischier in neutral zone.
3:29 of 1st period - Off-side.
3:30 of 1st period - J.T. Compher wins face-off versus Nico Hischier in neutral zone.
3:34 of 1st period - Darnell Nurse is hit by Carson Soucy and loses puck.
4:08 of 1st period - Icing by Carson Soucy.
4:09 of 1st period - J.T. Miller wins face-off versus Nico Hischier in Blues zone.
4:12 of 1st period - Shot by J.T. Miller.
4:12 of 1st period - Shot Misses the Net.
4:15 of 1st period - Icing by Alec Martinez.
4:16 of 1st period - Auston Matthews wins face-off versus J.T. Miller in Blues zone.
4:41 of 1st period - Jake McCabe is hit by Clayton Keller and loses puck.
4:56 of 1st period - Shot by Alex Newhook.
4:56 of 1st period - Stopped by Ilya Sorokin with a rebound.
4:58 of 1st period - Shot by Yanni Gourde.
4:58 of 1st period - Shot Misses the Net.
5:00 of 1st period - Shot by Yanni Gourde.
5:00 of 1st period - Shot Misses the Net.
5:04 of 1st period - Shot by Yanni Gourde.
5:04 of 1st period - Deflect By Alex Newhook.
5:04 of 1st period - Stopped by Ilya Sorokin without a rebound.
5:05 of 1st period - Curtis Lazar wins face-off versus Bo Horvat in Predators zone.
5:13 of 1st period - Jack Eichel is hit by Brandon Carlo and loses puck.
6:06 of 1st period - Roman Josi is hit by Yanni Gourde and loses puck.
7:11 of 1st period - Shot by Auston Matthews.
7:11 of 1st period - Shot Blocked by Darnell Nurse.
7:21 of 1st period - Shot by Steven Lorentz.
7:21 of 1st period - Stopped by Ilya Sorokin without a rebound.
7:22 of 1st period - J.T. Miller wins face-off versus Curtis Lazar in Predators zone.
7:22 of 1st period - Kyle Connor is hit by Curtis Lazar.
7:31 of 1st period - J.T. Miller is hit by Curtis Lazar and loses puck.
7:50 of 1st period - Shot by Kyle Connor.
7:50 of 1st period - Stopped by Cam Talbot without a rebound.
7:51 of 1st period - Colton Sissons wins face-off versus Clayton Keller in Blues zone.
8:17 of 1st period - Icing by Thomas Chabot.
8:18 of 1st period - Sean Monahan wins face-off versus Colton Sissons in Predators zone.
8:24 of 1st period - Icing by Darnell Nurse.
8:25 of 1st period - Curtis Lazar wins face-off versus Colton Sissons in Predators zone.
8:55 of 1st period - Shot by Thomas Chabot.
8:55 of 1st period - Shot Blocked by Filip Hronek.
9:09 of 1st period - Shot by Jack Eichel.
9:09 of 1st period - Goal by Jack Eichel - Predators : 0 - Blues : 2.
9:10 of 1st period - Alex Newhook wins face-off versus J.T. Miller in neutral zone.
9:12 of 1st period - Off-side.
9:13 of 1st period - J.T. Miller wins face-off versus Sean Monahan in neutral zone.
9:27 of 1st period - Shot by Kyle Connor.
9:27 of 1st period - Shot Blocked by Cale Makar.
9:29 of 1st period - Shot by Nikita Zadorov.
9:29 of 1st period - Stopped by Cam Talbot without a rebound.
9:30 of 1st period - Nico Hischier wins face-off versus Tage Thompson in Blues zone.
10:01 of 1st period - Shot by Nico Hischier.
10:01 of 1st period - Deflect By Auston Matthews.
10:01 of 1st period - Shot Misses the Net.
10:13 of 1st period - Shot by Nico Hischier.
10:13 of 1st period - Stopped by Ilya Sorokin with a rebound.
10:58 of 1st period - Shot by Alex Newhook.
10:58 of 1st period - Stopped by Ilya Sorokin without a rebound.
10:59 of 1st period - Curtis Lazar wins face-off versus J.T. Miller in Predators zone.
11:14 of 1st period - Shot by Logan Couture.
11:14 of 1st period - Stopped by Ilya Sorokin without a rebound.
11:15 of 1st period - J.T. Compher wins face-off versus Steven Lorentz in Predators zone.
11:37 of 1st period - Shot by Filip Hronek.
11:37 of 1st period - Shot Misses the Net.
11:51 of 1st period - Shot by Auston Matthews.
11:51 of 1st period - Stopped by Ilya Sorokin without a rebound.
11:52 of 1st period - J.T. Miller wins face-off versus Logan Couture in Predators zone.
12:13 of 1st period - Thomas Chabot is hit by Jack Eichel and loses puck.
12:51 of 1st period - Sean Monahan is hit by Darnell Nurse and loses puck.
12:54 of 1st period - Shot by Alex Newhook.
12:54 of 1st period - Stopped by Ilya Sorokin without a rebound.
12:55 of 1st period - Nico Hischier wins face-off versus Tage Thompson in Predators zone.
13:08 of 1st period - Shot by Nico Hischier.
13:08 of 1st period - Stopped by Ilya Sorokin without a rebound.
13:09 of 1st period - Sean Monahan wins face-off versus Colton Sissons in Predators zone.
13:40 of 1st period - Shot by Colton Sissons.
13:40 of 1st period - Shot Misses the Net.
13:51 of 1st period - Roman Josi is hit by Carson Soucy and loses puck.
14:16 of 1st period - Shot by Alex Tuch.
14:16 of 1st period - Shot Misses the Net.
14:18 of 1st period - Shot by Nikita Zadorov.
14:18 of 1st period - Stopped by Cam Talbot without a rebound.
14:19 of 1st period - J.T. Miller wins face-off versus Nico Hischier in Blues zone.
14:28 of 1st period - Icing by Cale Makar.
14:29 of 1st period - Bo Horvat wins face-off versus Nico Hischier in Blues zone.
14:47 of 1st period - Taylor Hall is hit by Kris Letang and loses puck.
15:36 of 1st period - Filip Hronek is hit by J.T. Miller and loses puck.
15:56 of 1st period - Shot by Logan Couture.
15:56 of 1st period - Stopped by Ilya Sorokin without a rebound.
15:57 of 1st period - Tage Thompson wins face-off versus Yanni Gourde in Predators zone.
15:59 of 1st period - Alex Tuch is hit by Alex Newhook and loses puck.
17:39 of 1st period - Shot by Auston Matthews.
17:39 of 1st period - Stopped by Ilya Sorokin without a rebound.
17:40 of 1st period - Bo Horvat wins face-off versus Curtis Lazar in Predators zone.
19:01 of 1st period - Shot by Kyle Connor.
19:01 of 1st period - Stopped by Cam Talbot with a rebound.
19:34 of 1st period - Shot by Yanni Gourde.
19:34 of 1st period - Shot Blocked by Nikita Zadorov.
19:36 of 1st period - Shot by Kris Letang.
19:36 of 1st period - Stopped by Ilya Sorokin without a rebound.
19:37 of 1st period - Nico Hischier wins face-off versus Tage Thompson in Predators zone.
19:40 of 1st period - Shot by Clayton Keller.
19:40 of 1st period - Stopped by Ilya Sorokin with a rebound.
Goals for this period are 0 for Predators vs 2 for Blues.
Shots for this period are 4 for Predators vs 20 for Blues.

2nd period


0:01 of 2nd period - Nico Hischier wins face-off versus Tage Thompson in neutral zone.
0:13 of 2nd period - Icing by Darnell Nurse.
0:14 of 2nd period - Tage Thompson wins face-off versus Curtis Lazar in Predators zone.
0:51 of 2nd period - Icing by Cale Makar.
0:52 of 2nd period - Curtis Lazar wins face-off versus Colton Sissons in Blues zone.
1:12 of 2nd period - Colton Sissons is hit by Curtis Lazar and loses puck.
1:45 of 2nd period - Off-side.
1:46 of 2nd period - Nico Hischier wins face-off versus Kyle Connor in neutral zone.
2:15 of 2nd period - Shot by Nico Hischier.
2:15 of 2nd period - Shot Misses the Net.
2:17 of 2nd period - Shot by Nico Hischier.
2:17 of 2nd period - Stopped by Ilya Sorokin with a rebound.
2:30 of 2nd period - J.T. Miller is hit by Auston Matthews.
2:54 of 2nd period - Shot by Sean Monahan.
2:54 of 2nd period - Stopped by Ilya Sorokin with a rebound.
2:57 of 2nd period - Yanni Gourde is hit by Nikita Zadorov and loses puck.
3:13 of 2nd period - Shot by Yanni Gourde.
3:13 of 2nd period - Stopped by Ilya Sorokin without a rebound.
3:14 of 2nd period - Steven Lorentz wins face-off versus Tage Thompson in Predators zone.
3:25 of 2nd period - Shot by Lucas Raymond.
3:25 of 2nd period - Stopped by Cam Talbot without a rebound.
3:26 of 2nd period - Curtis Lazar wins face-off versus Colton Sissons in Blues zone.
3:26 of 2nd period - Curtis Lazar is hit by Colton Sissons.
3:32 of 2nd period - Shot by Logan Couture.
3:32 of 2nd period - Stopped by Ilya Sorokin with a rebound.
3:52 of 2nd period - Shot by Colton Sissons.
3:52 of 2nd period - Stopped by Cam Talbot with a rebound.
4:03 of 2nd period - Filip Hronek is hit by Nikita Zadorov and loses puck.
4:24 of 2nd period - Shot by Tage Thompson.
4:24 of 2nd period - Shot Misses the Net.
4:39 of 2nd period - Alex Tuch is hit by Anthony DeAngelo and loses puck.
4:42 of 2nd period - Shot by Lucas Raymond.
4:42 of 2nd period - Deflect By Tage Thompson.
4:42 of 2nd period - Stopped by Cam Talbot without a rebound.
4:43 of 2nd period - Auston Matthews wins face-off versus J.T. Compher in Blues zone.
4:52 of 2nd period - Shot by Clayton Keller.
4:52 of 2nd period - Shot Misses the Net.
4:54 of 2nd period - Shot by Auston Matthews.
4:54 of 2nd period - Shot Blocked by Roman Josi.
5:12 of 2nd period - Shot by Auston Matthews.
5:12 of 2nd period - Stopped by Ilya Sorokin with a rebound.
5:42 of 2nd period - Shot by Alex Newhook.
5:42 of 2nd period - Stopped by Ilya Sorokin without a rebound.
5:43 of 2nd period - Sean Monahan wins face-off versus J.T. Miller in Predators zone.
6:25 of 2nd period - Shot by J.T. Miller.
6:25 of 2nd period - Deflect By Kyle Connor.
6:25 of 2nd period - Stopped by Cam Talbot with a rebound.
8:33 of 2nd period - Off-side.
8:34 of 2nd period - J.T. Miller wins face-off versus Jack Eichel in neutral zone.
8:39 of 2nd period - Shot by Gabriel Vilardi.
8:39 of 2nd period - Stopped by Cam Talbot without a rebound.
8:40 of 2nd period - Curtis Lazar wins face-off versus J.T. Miller in Blues zone.
9:15 of 2nd period - Minor Penalty to Darnell Nurse for Interference.
9:16 of 2nd period - Nico Hischier wins face-off versus Colton Sissons in Predators zone.
9:16 of 2nd period - Nico Hischier is hit by Jake McCabe.
9:18 of 2nd period - Shot by Auston Matthews.
9:18 of 2nd period - Stopped by Ilya Sorokin without a rebound.
9:19 of 2nd period - Colton Sissons wins face-off versus Nico Hischier in Predators zone.
9:28 of 2nd period - Cale Makar is hit by Colton Sissons.
9:40 of 2nd period - Colton Sissons is hit by Nico Hischier and loses puck.
9:50 of 2nd period - Clayton Keller is hit by Jake McCabe and loses puck.
10:56 of 2nd period - Shot by J.T. Compher.
10:56 of 2nd period - Shot Misses the Net.
10:58 of 2nd period - Shot by J.T. Compher.
10:58 of 2nd period - Stopped by Cam Talbot with a rebound.
11:00 of 2nd period - Shot by J.T. Compher.
11:00 of 2nd period - Shot Blocked by Kris Letang.
11:02 of 2nd period - Shot by Colton Sissons.
11:02 of 2nd period - Stopped by Cam Talbot without a rebound.
11:03 of 2nd period - Nico Hischier wins face-off versus Colton Sissons in Blues zone.
11:52 of 2nd period - Minor Penalty to Alec Martinez for Interference.
11:53 of 2nd period - Sean Monahan wins face-off versus Bo Horvat in Blues zone.
12:06 of 2nd period - Shot by Bo Horvat.
12:06 of 2nd period - Shot Misses the Net.
12:41 of 2nd period - Icing by Brandon Carlo.
12:42 of 2nd period - Sean Monahan wins face-off versus J.T. Miller in Predators zone.
12:54 of 2nd period - Taylor Hall is hit by Sean Monahan and loses puck.
13:09 of 2nd period - Shot by Taylor Hall.
13:09 of 2nd period - Goal by Taylor Hall - Predators : 1 - Blues : 2.
13:10 of 2nd period - Curtis Lazar wins face-off versus Colton Sissons in neutral zone.
14:16 of 2nd period - Shot by Auston Matthews.
14:16 of 2nd period - Stopped by Ilya Sorokin without a rebound.
14:17 of 2nd period - Clayton Keller wins face-off versus Tage Thompson in Predators zone.
14:17 of 2nd period - Clayton Keller is hit by Darnell Nurse.
14:21 of 2nd period - Shot by Auston Matthews.
14:21 of 2nd period - Stopped by Ilya Sorokin without a rebound.
14:22 of 2nd period - Clayton Keller wins face-off versus Tage Thompson in Predators zone.
14:41 of 2nd period - Alex Tuch is hit by Auston Matthews and loses puck.
14:55 of 2nd period - Shot by Clayton Keller.
14:55 of 2nd period - Shot Misses the Net.
14:57 of 2nd period - Shot by Cale Makar.
14:57 of 2nd period - Stopped by Ilya Sorokin without a rebound.
14:58 of 2nd period - Bo Horvat wins face-off versus Sean Monahan in Predators zone.
15:31 of 2nd period - Shot by Sean Monahan.
15:31 of 2nd period - Stopped by Ilya Sorokin with a rebound.
15:43 of 2nd period - Shot by Bo Horvat.
15:43 of 2nd period - Deflect By Taylor Hall.
15:43 of 2nd period - Shot Blocked by Anthony DeAngelo.
16:04 of 2nd period - Icing by Roman Josi.
16:05 of 2nd period - J.T. Miller wins face-off versus Nico Hischier in Predators zone.
16:39 of 2nd period - Off-side.
16:40 of 2nd period - Tage Thompson wins face-off versus Curtis Lazar in neutral zone.
17:12 of 2nd period - Jack Eichel is hit by Jake McCabe and loses puck.
17:46 of 2nd period - Shot by Bo Horvat.
17:46 of 2nd period - Stopped by Cam Talbot without a rebound.
17:47 of 2nd period - J.T. Miller wins face-off versus Clayton Keller in Blues zone.
18:00 of 2nd period - Roman Josi is hit by Clayton Keller and loses puck.
18:41 of 2nd period - Icing by Roman Josi.
18:42 of 2nd period - Sean Monahan wins face-off versus J.T. Miller in Predators zone.
18:45 of 2nd period - Shot by Sean Monahan.
18:45 of 2nd period - Shot Blocked by Gabriel Vilardi.
18:47 of 2nd period - Shot by Alex Newhook.
18:47 of 2nd period - Stopped by Ilya Sorokin without a rebound.
18:48 of 2nd period - Bo Horvat wins face-off versus Sean Monahan in Predators zone.
18:50 of 2nd period - Icing by Taylor Hall.
18:51 of 2nd period - Sean Monahan wins face-off versus Bo Horvat in Predators zone.
19:18 of 2nd period - Shot by Sean Monahan.
19:18 of 2nd period - Shot Misses the Net.
19:20 of 2nd period - Shot by Anthony DeAngelo.
19:20 of 2nd period - Shot Blocked by Darnell Nurse.
19:24 of 2nd period - Shot by Sean Monahan.
19:24 of 2nd period - Shot Misses the Net.
Goals for this period are 1 for Predators vs 0 for Blues.
Shots for this period are 9 for Predators vs 12 for Blues.

3rd period


0:01 of 3rd period - Nico Hischier wins face-off versus Tage Thompson in neutral zone.
0:06 of 3rd period - Shot by Clayton Keller.
0:06 of 3rd period - Shot Misses the Net.
0:23 of 3rd period - Shot by Lucas Raymond.
0:23 of 3rd period - Shot Misses the Net.
0:25 of 3rd period - Shot by Tage Thompson.
0:25 of 3rd period - Deflect By Alex Tuch.
0:25 of 3rd period - Stopped by Cam Talbot without a rebound.
0:26 of 3rd period - Jack Eichel wins face-off versus J.T. Miller in Blues zone.
0:26 of 3rd period - Anthony DeAngelo is hit by J.T. Miller and loses puck.
0:33 of 3rd period - Shot by J.T. Miller.
0:33 of 3rd period - Shot Misses the Net.
1:31 of 3rd period - Shot by Tage Thompson.
1:31 of 3rd period - Stopped by Cam Talbot without a rebound.
1:32 of 3rd period - Bo Horvat wins face-off versus Nico Hischier in Blues zone.
2:04 of 3rd period - Shot by Bo Horvat.
2:04 of 3rd period - Shot Misses the Net.
2:33 of 3rd period - Icing by Alec Martinez.
2:34 of 3rd period - Sean Monahan wins face-off versus Lucas Raymond in Blues zone.
2:34 of 3rd period - Sean Monahan is hit by Tage Thompson.
2:49 of 3rd period - Shot by Tage Thompson.
2:49 of 3rd period - Stopped by Cam Talbot with a rebound.
3:04 of 3rd period - Shot by Sean Monahan.
3:04 of 3rd period - Shot Blocked by Brandon Carlo.
3:06 of 3rd period - Shot by Carson Soucy.
3:06 of 3rd period - Shot Misses the Net.
4:03 of 3rd period - Shot by J.T. Miller.
4:03 of 3rd period - Stopped by Cam Talbot with a rebound.
4:05 of 3rd period - Shot by Darnell Nurse.
4:05 of 3rd period - Stopped by Cam Talbot with a rebound.
5:05 of 3rd period - Shot by Taylor Hall.
5:05 of 3rd period - Shot Misses the Net.
5:15 of 3rd period - Shot by Nico Hischier.
5:15 of 3rd period - Deflect By Clayton Keller.
5:15 of 3rd period - Stopped by Ilya Sorokin without a rebound.
5:16 of 3rd period - Tage Thompson wins face-off versus Alex Newhook in Predators zone.
5:20 of 3rd period - Lucas Raymond is hit by Yanni Gourde and loses puck.
5:27 of 3rd period - Shot by Tage Thompson.
5:27 of 3rd period - Stopped by Cam Talbot without a rebound.
5:28 of 3rd period - Sean Monahan wins face-off versus Colton Sissons in Blues zone.
5:30 of 3rd period - Icing by Yanni Gourde.
5:31 of 3rd period - Sean Monahan wins face-off versus Tage Thompson in Blues zone.
5:31 of 3rd period - Sean Monahan is hit by Alex Tuch.
5:32 of 3rd period - Minor Penalty to Tage Thompson for Tripping.
5:33 of 3rd period - Nico Hischier wins face-off versus Colton Sissons in Predators zone.
5:40 of 3rd period - Shot by Cale Makar.
5:40 of 3rd period - Stopped by Ilya Sorokin without a rebound.
5:41 of 3rd period - Jack Eichel wins face-off versus Colton Sissons in Predators zone.
5:44 of 3rd period - Shot by Cale Makar.
5:44 of 3rd period - Shot Blocked by Nikita Zadorov.
5:48 of 3rd period - Shot by Auston Matthews.
5:48 of 3rd period - Shot Misses the Net.
5:50 of 3rd period - Shot by Jack Eichel.
5:50 of 3rd period - Shot Blocked by Nikita Zadorov.
5:52 of 3rd period - Shot by Yanni Gourde.
5:52 of 3rd period - Goal by Yanni Gourde - Predators : 1 - Blues : 3.
5:53 of 3rd period - Tage Thompson wins face-off versus Steven Lorentz in neutral zone.
6:23 of 3rd period - Minor Penalty to Filip Hronek for Delaying the game.
6:24 of 3rd period - Sean Monahan wins face-off versus Bo Horvat in Blues zone.
6:37 of 3rd period - Shot by Roman Josi.
6:37 of 3rd period - Stopped by Cam Talbot without a rebound.
6:38 of 3rd period - Sean Monahan wins face-off versus J.T. Miller in Blues zone.
6:38 of 3rd period - Sean Monahan is hit by J.T. Miller.
6:50 of 3rd period - Shot by Darnell Nurse.
6:50 of 3rd period - Shot Misses the Net.
6:52 of 3rd period - Shot by Darnell Nurse.
6:52 of 3rd period - Shot Misses the Net.
6:54 of 3rd period - Shot by J.T. Miller.
6:54 of 3rd period - Shot Misses the Net.
7:02 of 3rd period - Shot by Darnell Nurse.
7:02 of 3rd period - Shot Misses the Net.
7:06 of 3rd period - Shot by Alex Tuch.
7:06 of 3rd period - Shot Misses the Net.
7:08 of 3rd period - Shot by Alex Tuch.
7:08 of 3rd period - Stopped by Cam Talbot with a rebound.
7:59 of 3rd period - Shot by Roman Josi.
7:59 of 3rd period - Shot Misses the Net.
8:39 of 3rd period - Nico Hischier is hit by Nikita Zadorov and loses puck.
9:28 of 3rd period - Shot by Jack Eichel.
9:28 of 3rd period - Stopped by Ilya Sorokin without a rebound.
9:29 of 3rd period - Bo Horvat wins face-off versus Sean Monahan in Predators zone.
9:58 of 3rd period - Shot by Alex Newhook.
9:58 of 3rd period - Stopped by Ilya Sorokin without a rebound.
9:59 of 3rd period - Tage Thompson wins face-off versus Curtis Lazar in Predators zone.
11:14 of 3rd period - Shot by Auston Matthews.
11:14 of 3rd period - Goal by Auston Matthews - Predators : 1 - Blues : 4.
11:15 of 3rd period - Alex Newhook wins face-off versus Bo Horvat in neutral zone.
11:23 of 3rd period - Icing by Thomas Chabot.
11:24 of 3rd period - Bo Horvat wins face-off versus Sean Monahan in Predators zone.
11:24 of 3rd period - Bo Horvat is hit by Yanni Gourde.
11:27 of 3rd period - Thomas Chabot is hit by Yanni Gourde and loses puck.
11:59 of 3rd period - Darnell Nurse is hit by Carson Soucy and loses puck.
12:35 of 3rd period - Icing by Jake McCabe.
12:36 of 3rd period - Nico Hischier wins face-off versus J.T. Miller in Predators zone.
14:34 of 3rd period - Shot by Alex Tuch.
14:34 of 3rd period - Shot Misses the Net.
15:30 of 3rd period - Shot by Bo Horvat.
15:30 of 3rd period - Shot Blocked by Alex Newhook.
15:32 of 3rd period - Shot by J.T. Compher.
15:32 of 3rd period - Stopped by Cam Talbot without a rebound.
15:33 of 3rd period - Sean Monahan wins face-off versus Colton Sissons in Blues zone.
15:33 of 3rd period - Sean Monahan is hit by Jack McBain.
16:11 of 3rd period - Shot by Alex Newhook.
16:11 of 3rd period - Deflect By Yanni Gourde.
16:11 of 3rd period - Shot Misses the Net.
16:31 of 3rd period - Thomas Chabot is hit by Yanni Gourde and loses puck.
16:35 of 3rd period - Darnell Nurse is hit by Yanni Gourde and loses puck.
17:34 of 3rd period - Shot by Filip Hronek.
17:34 of 3rd period - Shot Blocked by Darnell Nurse.
17:36 of 3rd period - Shot by Anthony DeAngelo.
17:36 of 3rd period - Shot Misses the Net.
17:59 of 3rd period - Off-side.
18:00 of 3rd period - Steven Lorentz wins face-off versus Bo Horvat in neutral zone.
18:37 of 3rd period - Minor Penalty to Taylor Hall for Slashing.
18:38 of 3rd period - Colton Sissons wins face-off versus Nico Hischier in Predators zone.
18:53 of 3rd period - Shot by Clayton Keller.
18:53 of 3rd period - Shot Misses the Net.
18:55 of 3rd period - Shot by Kris Letang.
18:55 of 3rd period - Stopped by Ilya Sorokin without a rebound.
18:56 of 3rd period - Jack Eichel wins face-off versus Colton Sissons in Predators zone.
18:57 of 3rd period - Shot by Yanni Gourde.
18:57 of 3rd period - Shot Blocked by Nikita Zadorov.
19:13 of 3rd period - Shot by Anthony DeAngelo.
19:13 of 3rd period - Shot Misses the Net.
19:15 of 3rd period - Shot by Yanni Gourde.
19:15 of 3rd period - Shot Blocked by Colton Sissons.
19:17 of 3rd period - Shot by Jack Eichel.
19:17 of 3rd period - Deflect By Yanni Gourde.
19:17 of 3rd period - Stopped by Ilya Sorokin without a rebound.
19:18 of 3rd period - Colton Sissons wins face-off versus Nico Hischier in Predators zone.
19:18 of 3rd period - Darnell Nurse is hit by Logan Couture and loses puck.
19:47 of 3rd period - Shot by Nico Hischier.
19:47 of 3rd period - Stopped by Ilya Sorokin without a rebound.
19:48 of 3rd period - Colton Sissons wins face-off versus Jack Eichel in Predators zone.
Goals for this period are 0 for Predators vs 2 for Blues.
Shots for this period are 9 for Predators vs 9 for Blues.